AoeStats
← Nencatacoa

Arena

509250017Analyzed
4v4 RM · 7d ago on Sep 26, 2026· 64m 0s· 8 players
Game mode
Random Map
Map size
Large (8 player)
Population
200
Speed
Normal
Resources
Standard
Victory
Conquest
Starting age
Dark Age
Ending age
Imperial Age
RankedLock teamsTeams togetherTeam positionsShared explorationLock speedFull tech treeHidden civsTurbo modeCheats
Victory
Defeat
🇨🇱 Saracens · Chile
1536
+16
🇨🇱 Malians · Chile
1520
+16
🇨🇱 Khmer · Chile
1457
+19
🇨🇱 Spanish · Chile
1385
+22
🇲🇽 Cumans · Mexico
1693
-25
🇲🇽 Varangians · Mexico
1585
-21
🇨🇴 Teutons · Colombia
1489
-17
🇲🇽 Mongols · Mexico
1330
-10
[KKCK]nachoalbo_
10:30 Feudal Age
14:40 Castle Age
12:52 Double-Bit Axe
13:15 Horse Collar
16:11 Bow Saw
16:03 Heavy Plow
18:45 Wheelbarrow
20:13 Hand Cart
22:35 Gold Mining
22:36 Stone Mining
24:07 Loom
25:15 Gold Shaft Mining
25:18 Stone Shaft Mining
28:26 Imperial Age
27:22 Bloodlines
27:23 Scale Barding Armor
27:29 Forging
27:22 Husbandry
28:39 Town Watch
28:46 Elite Battle Elephant
30:04 Chain Barding Armor
30:26 Crop Rotation
31:49 Plate Barding Armor
33:43 Iron Casting
33:46 Conscription
34:31 Tusk Swords
35:50 Devotion
37:13 Blast Furnace
37:23 Caravan
37:56 Coinage
37:36 Double Crossbow
39:11 Ballistics
39:52 Chemistry
38:58 Siege Engineers
38:39 Light Cavalry
38:48 Heavy Scorpion
44:56 Caravan
50:09 Hussar
51:42 Fletching
53:25 Capped Ram
The Geo
10:25 Feudal Age
10:26 Loom
10:58 Town Watch
11:36 Fletching
19:59 Horse Collar
28:41 Castle Age
26:49 Double-Bit Axe
30:42 Bodkin Arrow
34:51 Padded Archer Armor
34:37 Elite Skirmisher
38:19 Bow Saw
44:33 Leather Archer Armor
51:31 Wheelbarrow
60:45 Caravan
65:12 Imperial Age
62:51 Heavy Plow
[KKCK]Erdinger_CLs
10:40 Feudal Age
15:46 Castle Age
13:56 Horse Collar
14:22 Double-Bit Axe
15:51 Gold Mining
16:31 Scale Barding Armor
17:42 Husbandry
25:33 Bloodlines
27:12 Wheelbarrow
26:54 Forging
31:51 Gold Shaft Mining
34:12 Imperial Age
31:57 Bow Saw
33:47 Stone Mining
35:25 Iron Casting
35:11 Chain Barding Armor
36:25 Chemistry
37:32 Blast Furnace
37:41 Elite Mameluke
41:21 Hand Cart
44:23 Conscription
44:08 Loom
45:32 Plate Barding Armor
45:48 Conscription
48:20 Town Watch
62:37 Two-Man Saw
[KKCK]Taker_
5:37 Loom
8:26 Feudal Age
12:07 Town Watch
17:30 Fletching
24:00 Castle Age
22:33 Horse Collar
22:40 Double-Bit Axe
23:26 Gold Mining
23:27 Stone Mining
25:04 Bodkin Arrow
27:57 Wheelbarrow
32:20 Imperial Age
35:43 Heavy Plow
36:04 Hand Cart
36:47 Caravan
36:50 Scale Mail Armor
38:41 Bow Saw
39:26 Stone Shaft Mining
39:14 Conscription
40:03 Chain Mail Armor
39:59 Forging
41:14 Plate Mail Armor
40:34 Arson
40:49 Squires
41:31 Gold Shaft Mining
40:36 Elite Gbeto
43:54 Iron Casting
45:41 Fortified Wall
45:27 Murder Holes
45:43 Masonry
46:40 Chemistry
45:22 Treadmill Crane
49:28 Crop Rotation
48:29 Man-at-Arms
49:35 Long Swordsman
50:53 Architecture
50:41 Two-Handed Swordsman
52:15 Ballistics
51:46 Guard Tower
51:40 Champion
57:49 Pikeman
Nencatacoa
5:20 Loom
10:35 Feudal Age
15:45 Castle Age
14:18 Double-Bit Axe
16:49 Wheelbarrow
17:07 Bow Saw
18:39 Horse Collar
22:52 Heavy Plow
23:29 Town Watch
25:25 Gold Mining
25:43 Pikeman
26:24 Squires
26:10 Gambesons
27:11 Scale Mail Armor
27:28 Town Patrol
28:19 Chain Mail Armor
32:21 Imperial Age
30:54 Forging
32:51 Hand Cart
32:25 Capped Ram
32:26 Halberdier
33:54 Plate Mail Armor
34:00 Iron Casting
33:36 Arson
36:14 Chemistry
35:35 Ballistics
35:03 Onager
35:04 Heavy Scorpion
37:15 Conscription
39:45 Scale Barding Armor
40:40 Blast Furnace
39:37 Cavalier
40:27 Bloodlines
40:41 Fletching
41:11 Chain Barding Armor
41:46 Crenellations
46:12 Bodkin Arrow
46:55 Plate Barding Armor
46:38 Paladin
50:45 Bodkin Arrow
Ux'Combita
11:18 Feudal Age
15:06 Castle Age
12:57 Double-Bit Axe
12:55 Horse Collar
16:44 Bow Saw
18:08 Heavy Plow
20:52 Wheelbarrow
22:13 Hand Cart
22:30 Gold Mining
27:07 Imperial Age
25:00 Stone Mining
25:00 Loom
26:16 Stone Shaft Mining
25:30 Town Watch
26:45 Scale Barding Armor
27:34 Forging
28:11 Chain Barding Armor
27:26 Cavalier
28:17 Bloodlines
28:07 Husbandry
29:04 Iron Casting
30:05 Two-Man Saw
29:23 Scale Mail Armor
29:04 Elite Varangian Guard
29:40 Gambesons
29:57 Squires
29:43 Arson
32:25 Pikeman
33:33 Chain Mail Armor
34:19 Blast Furnace
33:04 Halberdier
35:05 Plate Mail Armor
35:29 Plate Mail Armor
35:59 Blast Furnace
37:19 Chemistry
36:33 Capped Ram
38:30 Siege Ram
39:52 Masonry
39:23 Treadmill Crane
40:35 Conscription
41:15 Fletching
44:03 Elite Jarl
44:07 Gothikon
44:19 Vendel Legacy
47:47 Bodkin Arrow
49:44 Bracer
50:27 Architecture
50:41 Padded Archer Armor
54:50 Murder Holes
57:22 Ballistics
61:35 Town Patrol
UxCima
6:21 Loom
8:36 Feudal Age
10:06 Fletching
18:15 Wheelbarrow
18:15 Double-Bit Axe
20:23 Horse Collar
26:52 Castle Age
25:31 Scale Mail Armor
28:45 Bow Saw
34:45 Capped Ram
37:16 Hand Cart
37:02 Heavy Plow
36:52 Gold Mining
37:50 Bloodlines
37:00 Light Cavalry
38:00 Light Cavalry
40:31 Town Watch
43:58 Imperial Age
41:43 Bodkin Arrow
42:13 Padded Archer Armor
42:30 Chain Mail Armor
43:02 Gold Shaft Mining
42:21 Elite Skirmisher
43:06 Thumb Ring
43:18 Chain Mail Armor
43:19 Leather Archer Armor
43:09 Stone Mining
44:16 Ballistics
43:59 Light Cavalry
45:05 Chain Mail Armor
44:58 Scale Barding Armor
44:34 Onager
46:29 Ring Archer Armor
47:08 Two-Man Saw
46:31 Chain Mail Armor
47:33 Chemistry
46:44 Masonry
47:30 Chain Barding Armor
48:08 Forging
48:04 Siege Onager
48:51 Pikeman
49:31 Squires
50:00 Conscription
50:15 Murder Holes
50:55 Crop Rotation
51:26 Plate Mail Armor
51:32 Iron Casting
51:20 Halberdier
52:43 Hussar
57:54 Hoardings
58:14 Caravan
63:09 Plate Barding Armor
MZTK | Kaptn'SpeR0
8:02 Feudal Age
7:20 Loom
21:30 Castle Age
19:19 Double-Bit Axe
19:25 Gold Mining
19:46 Gold Mining
20:42 Fletching
26:21 Bodkin Arrow
37:16 Bow Saw
36:46 Horse Collar
38:47 Gold Shaft Mining
38:04 Stone Mining
41:08 Wheelbarrow
49:30 Heavy Plow
50:47 Hand Cart
53:45 Imperial Age
51:21 Padded Archer Armor
52:40 Leather Archer Armor
52:47 Ballistics
53:07 Murder Holes
54:28 Scale Barding Armor
56:40 Conscription
56:37 Bloodlines
56:27 Husbandry
55:48 Light Cavalry
57:20 Bracer
59:17 Chemistry
59:13 Chain Barding Armor
60:35 Elite Mangudai
Connection lost

Rejoining the realm…

Still unreachable

The connection could not be restored.

Session expired

The server has moved on; the page needs a fresh start.